 Dungeon Crawl Stone Soup version 0.29-a0-323-g050149af67 (webtiles) character file.

Game seed: 18135621595285188174

164 Dabor the Chiller (level 5, -3/35 HPs)
             Began as a Demonspawn Ice Elementalist on Apr 10, 2022.
             Killed by divine providence
             ... invoked by an orc priest
              (15 damage)
             ... on level 3 of the Dungeon.
             The game lasted 00:04:49 (2969 turns).

Dabor the Chiller (Demonspawn Ice Elementalist)     Turns: 2969, Time: 00:04:49

Health: -3/35      AC:  8    Str:  9    XL:     5   Next: 21%
Magic:  1/10       EV: 12    Int: 18    God:
Gold:   106        SH:  0    Dex: 13    Spells: 4/11 levels left

rFire   . . .      SeeInvis .   d - +0 arbalest
rCold   . . .      Faith    .   (shield currently unavailable)
rNeg    . . .      Spirit   .   a - +0 robe
rPois   .          Reflect  .   (no helmet)
rElec   .          Harm     .   (no cloak)
rCorr   .          Rampage  .   (no gloves)
Will    .....                   (no boots)
Stlth   ++........              (no amulet)
HPRegen 0.11/turn               (no ring)
MPRegen 0.12/turn               (no ring)

@: ice-armoured, freezing walls
A: claws 1
a: no special abilities


You were on level 3 of the Dungeon.
You visited 1 branch of the dungeon, and saw 3 of its levels.

You collected 106 gold pieces.

Inventory:

Hand Weapons
 d - a +0 arbalest (weapon)
 k - a +1 dagger of venom
Armour
 a - a +0 robe (worn)
Scrolls
 c - 2 scrolls of teleportation {unknown}
 g - a scroll of enchant weapon {unknown}
 i - a scroll of identify {unknown}
 j - a scroll of magic mapping {unknown}
 l - a scroll of blinking {unknown}
 n - a scroll of fear {unknown}
 p - a scroll of vulnerability {unknown}
Potions
 b - a potion of magic
 e - 2 potions of curing {unknown}
 f - a potion of invisibility {unknown}
 h - a potion of resistance {unknown}
 m - a potion of haste {unknown}
 o - a potion of heal wounds {unknown}


   Skills:
 - Level 1.7 Dodging
 - Level 1.7 Stealth
 + Level 3.8 Spellcasting
 + Level 4.9 Ice Magic


You had 4 spell levels left.
You knew the following spells:

 Your Spells              Type           Power      Damage    Failure   Level
a - Freeze                Ice            84%        1d10      1%          1
b - Frozen Ramparts       Ice            42%        1d6       6%          3
c - Ozocubu's Armour      Ice            21%        N/A       6%          3

Your spell library contained the following spells:

 Spells                   Type           Power      Damage    Failure   Level
 Hailstorm                Conj/Ice       12%        3d5       47%         4
 Iskenderun's Battlesphe  Conj           3%         2d6       99%         5
 Iron Shot                Conj/Erth      1%         9d1       100%        6
 Spellforged Servitor     Conj/Summ      1%         N/A       100%        7


Dungeon Overview and Level Annotations

Branches:
Dungeon (3/15)

Altars:


Innate Abilities, Weirdness & Mutations

You have sharp fingernails.


Message History

You shoot a bolt. The bolt hits the orc.
The orc is heavily wounded.
The wall freezes the orc.
You kill the orc!
The wall freezes the hobgoblin. x2
You kill the hobgoblin!
You shoot a bolt. The bolt barely misses the orc.
The frozen ramparts melt away.
A kobold comes into view. It is wielding a +0 dagger.
Casting: Ozocubu's Armour (dangerous; 6% risk of failure)
Confirm with . or Enter, or press ? or * to list all spells.
Casting: Frozen Ramparts (dangerous; 6% risk of failure)
Press: ? - help, Dir - look around, f - activate The walls around you are covered in ice.
The wall freezes the kobold.
The wall freezes something.
You hear some strange, mumbled words.
A magic dart appears from out of thin air!
The magic dart hits you!
The wall freezes the orc.
You are too injured to fight recklessly!
Shoot: d) +0 arbalest
Press: ? - help, Shift-Dir - straight line, f - orc priest
Aim: an orc priest, wielding a +0 war axe and wearing a +0 chain mail (61% to hit)
You shoot a bolt.
Reactivating autopickup.
You feel a bit more experienced.
The wall freezes the kobold.
You kill the kobold!
The wall freezes the orc. x2
You kill the orc!
The wall freezes the orc priest.
The orc priest casts a cantrip, but nothing happens.
You have reached level 5!
Shoot: d) +0 arbalest
Press: ? - help, Shift-Dir - straight line, f/p - orc priest
Aim: an orc priest, wielding a +0 war axe and wearing a +0 chain mail (lightly wounded, 61% to hit)
You shoot a bolt. The bolt hits the orc priest.
The orc priest is moderately wounded.
The wall freezes the orc priest.
The orc priest calls down the wrath of Beogh upon you.
Beogh smites you!
You die...

## ..# .. .. .. .. . .. .
.## #'##'#. #.# ##+#+##.#
#.)#.#..#.# ...#....#
o)..#..#.#
##.[..#>####)###..#.#
............@.)....<###
...##.#.#####.##..#...##
#####.#.# ..#..#.#..####
........## #.#..........#
###......#####.#....♣♣♣♣♣.##
+......'.........♣♣ ♣..#
#......######....♣ ♣♣.#
#......# #.>..♣ ♣♣.#
###†#### ####.♣♣♣♣♣♣..#


You could see an orc priest.

Vanquished Creatures
  An orc priest (D:2)
  An orc wizard (D:3)
  2 adders (D:2)
  3 worms (D:2)
  3 dart slugs
  7 orcs
  7 endoplasms
  3 giant cockroaches
  3 goblins
  5 hobgoblins
  2 jackals (D:2)
  6 kobolds
  A quokka (D:2)
  4 ball pythons
  9 bats
  2 frilled lizards (D:1)
  7 rats
66 creatures vanquished.

Notes
Turn   | Place    | Note
-------+----------+-------------------------------------------
     0 | D:1      | Dabor the Demonspawn Ice Elementalist began the quest for
                  | the Orb.
     0 | D:1      | Reached XP level 1. HP: 13/13 MP: 3/3
   175 | D:1      | Gained mutation: You have sharp fingernails. [demonic
                  | ancestry]
   175 | D:1      | Reached XP level 2. HP: 19/19 MP: 3/5
   567 | D:1      | Reached skill level 4 in Ice Magic
   934 | D:2      | Reached XP level 3. HP: 11/24 MP: 2/7
  1617 | D:2      | Reached XP level 4. HP: 24/30 MP: 0/8
  2258 | D:2      | Found a faded altar of an unknown god.
  2781 | D:2      | Learned a level 3 spell: Frozen Ramparts
  2785 | D:2      | Learned a level 3 spell: Ozocubu's Armour
  2969 | D:3      | Reached XP level 5. HP: 12/35 MP: 1/10
  2969 | D:3      | Killed from afar by an orc priest

Illustrated notes

Levels and vault maps discovered:
D:1:      wander_arrival_abandoned_jail, layout_rooms
D:2:      layout_loops_ring, hellmonk_ecumenical_altar_slurped_away,
          minmay_increasing_density
D:3:      layout_basic, okawaru_gym_becter,
          chequers_temple_overflow_statue_of_worship, nrook_campfire,
          ebering_dispersal_statue_hall, kennysheep_jessica_study, uniq_terence

Skill      XL: |  1  2  3 |
---------------+----------+-----
Ice Magic      | 4 |  4.9
Spellcasting   | 3 |  3.8
Dodging        | |  1.7
Stealth        | |  1.7

Action                   |  1- 3 |  4- 6 || total
-------------------------+-------+-------++-------
 Fire: Arbalest          |    55 |    42 ||    97
 Cast: Freeze            |    21 |    21 ||    42
       Frozen Ramparts   |       |     3 ||     3
       Ozocubu's Armour  |       |     1 ||     1
Armor: Robe              |    14 |     1 ||    15
Dodge: Dodged            |    27 |    13 ||    40

Table legend: (Time is in decaauts)
 A = Elapsed time spent in this place.
 B = Non-inter-level travel time spent in this place.
 C = Inter-level travel time spent in this place.
 D = Time resting spent in this place.
 E = Time spent auto-exploring this place.
 F = Levels seen in this place.
 G = Mean time per level.
                   A        B        C        D        E       F      G
               +--------+--------+--------+--------+--------+-----+--------+
         Total |   3048 |   2912 |    136 |    233 |   2137 |   3 | 1016.0 |
       Dungeon |   3048 |   2912 |    136 |    233 |   2137 |   3 | 1016.0 |
               +--------+--------+--------+--------+--------+-----+--------+

Top non-repeatable levels by time:
     D:1: 1634 daAuts
     D:2: 1262 daAuts
     D:3: 151 daAuts
